TOP OF THE 1ST |
Oakland Oaks batting - Pitching for Buckhead Bowties : RHP Ron Manning
|
Pitching: RHP Ron Manning
|
|
Batting: SHB Luis Luquín
|
0-0: Ball 1-0: Ball 2-0: Fly out, F7 (Line Drive, 78S)
|
Batting: LHB Todd Henry
|
0-0: Swinging Strike 0-1: Ball 1-1: Called Strike 1-2: Strikes out swinging
|
Batting: RHB Joe Phillips
|
0-0: Fly out, F9 (Flyball, 9D)
|
Top of the 1st over - 0 runs, 0 hits, 0 errors, 0 left on base; Oakland 0 - Buckhead 0 |
BOTTOM OF THE 1ST |
Buckhead Bowties batting - Pitching for Oakland Oaks : RHP Merlin Bassett
|
Pitching: RHP Merlin Bassett
|
|
Batting: LHB José Valéncia
|
0-0: Called Strike 0-1: DOUBLE (Groundball, 3L)
|
Batting: RHB Derek Bangert
|
0-0: Ball 1-0: SINGLE (Groundball, 34D) José Valéncia to third Runner from 3rd tries for Home, SAFE, no throw
|
Batting: SHB Seishiro Nishimura
|
0-0: Ball 1-0: Fly out, F7 (Flyball, 7D)
|
Batting: RHB Raúl Ruíz
|
0-0: Called Strike 0-1: Foul Ball, location: 2F 0-2: Ball 1-2: Grounds into double play, 6-4-3 (Groundball, 6M)
|
Bottom of the 1st over - 1 run, 2 hits, 0 errors, 0 left on base; Oakland 0 - Buckhead 1 |
TOP OF THE 2ND |
Oakland Oaks batting - Pitching for Buckhead Bowties : RHP Ron Manning
|
Batting: RHB Armando Rodríguez
|
0-0: Ball 1-0: Ball 2-0: Reached on error, E6 (Groundball, 6)
|
Batting: LHB David Holbrook
|
0-0: Called Strike 0-1: Ball 1-1: Foul Ball, location: 2F 1-2: Foul Ball, location: 2F 1-2: Ground out 4-3 (Groundball, 4D) Armando Rodríguez to third
|
Batting: RHB Alfonso Nazario
|
0-0: Ball 1-0: Foul Ball, location: 2F 1-1: Ball 2-1: Foul Ball, location: 2F 2-2: 2-RUN HOME RUN (Flyball, 7D), Distance : 391 ft
|
Batting: RHB Raúl Chávez
|
0-0: Ball 1-0: Swinging Strike 1-1: Ball 2-1: Ball 3-1: SINGLE (Line Drive, 4MD)
|
Batting: RHB Joseph Papasogli
|
0-0: Ball Raúl Chávez steals 2nd base 1-0: Ball 2-0: Ball 3-0: Base on Balls
|
Batting: RHB Ricardo Téllez
|
0-0: Called Strike Raúl Chávez steals 3rd base 0-1: Ball Joseph Papasogli steals 2nd base 1-1: Foul Ball, location: 2F 1-2: Foul Ball, location: 2F 1-2: Ball 2-2: Ground out 6-3 (Groundball, 6) Raúl Chávez scores Joseph Papasogli to third
|
Batting: SHB Luis Luquín
|
0-0: Called Strike 0-1: Ground out 3-1 (Groundball, 34)
|
Top of the 2nd over - 3 runs, 2 hits, 1 error, 1 left on base; Oakland 3 - Buckhead 1 |
BOTTOM OF THE 2ND |
Buckhead Bowties batting - Pitching for Oakland Oaks : RHP Dave Stephenson
|
Pitching: RHP Dave Stephenson
|
|
Batting: RHB Todd Sentell
|
0-0: Ball 1-0: Fly out, F8 (Flyball, 8LM)
|
Batting: RHB Gabriel Maldonado
|
0-0: Ground out 5-3 (Groundball, 56)
|
Batting: RHB Mesa Altuve
|
0-0: Ball 1-0: Called Strike 1-1: Ball 2-1: SINGLE (Line Drive, 8LS)
|
Batting: LHB Yu-zeng Si
|
0-0: Ball 1-0: Called Strike Mesa Altuve steals 2nd base 1-1: Ball Wild Pitch! Mesa Altuve to third 2-1: SINGLE (Popup, 4D) Mesa Altuve scores
|
Batting: LHB Alfred Miles
|
0-0: Called Strike 0-1: Ball 1-1: Ball 2-1: Swinging Strike 2-2: Foul Ball, location: 2F 2-2: 2-RUN HOME RUN (Flyball, 9D), Distance : 378 ft
|
Batting: LHB José Valéncia
|
0-0: Ball 1-0: Ball 2-0: Called Strike 2-1: Called Strike 2-2: SINGLE (Groundball, 4MD)
|
Batting: RHB Derek Bangert
|
0-0: Ball 1-0: Fly out, F9 (Flyball, 9D)
|
Bottom of the 2nd over - 3 runs, 4 hits, 0 errors, 1 left on base; Oakland 3 - Buckhead 4 |
TOP OF THE 3RD |
Oakland Oaks batting - Pitching for Buckhead Bowties : RHP Ron Manning
|
Batting: LHB Todd Henry
|
0-0: SINGLE (Groundball, 6D)
|
Batting: RHB Joe Phillips
|
0-0: Ball 1-0: Ball 2-0: Ball 3-0: Base on Balls Todd Henry to second
|
Batting: RHB Armando Rodríguez
|
0-0: Ball 1-0: Called Strike 1-1: Ball 2-1: SINGLE (Groundball, 34) (infield hit) Todd Henry to third Joe Phillips to second
|
Batting: LHB David Holbrook
|
0-0: Ball 1-0: Ball 2-0: Fly out, F8 (Flyball, 8LM)
|
Batting: RHB Alfonso Nazario
|
0-0: Swinging Strike 0-1: Swinging Strike 0-2: Strikes out swinging
|
Batting: RHB Raúl Chávez
|
0-0: Called Strike 0-1: Called Strike 0-2: Strikes out swinging
|
Top of the 3rd over - 0 runs, 2 hits, 0 errors, 3 left on base; Oakland 3 - Buckhead 4 |
BOTTOM OF THE 3RD |
Buckhead Bowties batting - Pitching for Oakland Oaks : RHP Dave Stephenson
|
Batting: SHB Seishiro Nishimura
|
0-0: Called Strike 0-1: Ball 1-1: Ball 2-1: Fly out, F9 (Flyball, 9S)
|
Batting: RHB Raúl Ruíz
|
0-0: Ball 1-0: Ball 2-0: Ball 3-0: Ground out 6-3 (Groundball, 6)
|
Batting: RHB Todd Sentell
|
0-0: Ball 1-0: Foul Ball, location: 2F 1-1: SINGLE (Groundball, 4MD)
|
Batting: RHB Gabriel Maldonado
|
0-0: Ball Todd Sentell steals 2nd base 1-0: Foul Ball, location: 2F 1-1: Foul Ball, location: 2F 1-2: Ball 2-2: Foul Ball, location: 2F 2-2: Foul Ball, location: 2F 2-2: Ball 3-2: Fly out, F9 (Flyball, 9S)
|
Bottom of the 3rd over - 0 runs, 1 hit, 0 errors, 1 left on base; Oakland 3 - Buckhead 4 |
TOP OF THE 4TH |
Oakland Oaks batting - Pitching for Buckhead Bowties : RHP Ron Manning
|
Batting: RHB Joseph Papasogli
|
0-0: Ball 1-0: Ball 2-0: Fly out, F8 (Flyball, 8LD)
|
Batting: RHB Ricardo Téllez
|
0-0: Fly out, F4 (Popup, 4M)
|
Batting: SHB Luis Luquín
|
0-0: Ball 1-0: Ball 2-0: Ball 3-0: Base on Balls
|
Batting: LHB Todd Henry
|
0-0: Ball 1-0: Fielders Choice at 2nd, 5-4 (Groundball, 56)
|
Top of the 4th over - 0 runs, 0 hits, 0 errors, 1 left on base; Oakland 3 - Buckhead 4 |
BOTTOM OF THE 4TH |
Buckhead Bowties batting - Pitching for Oakland Oaks : RHP Dave Stephenson
|
Batting: RHB Mesa Altuve
|
0-0: Fly out, F9 (Line Drive, 9)
|
Batting: LHB Yu-zeng Si
|
0-0: Ball 1-0: Foul Ball, location: 2F 1-1: Ball 2-1: Foul Ball, location: 2F 2-2: Ball 3-2: Base on Balls
|
Batting: LHB Alfred Miles
|
0-0: Called Strike 0-1: Ground out U3 (Groundball, 3L) Yu-zeng Si to second
|
Batting: LHB José Valéncia
|
0-0: Ball 1-0: Ball 2-0: Ground out U3 (Groundball, 34S)
|
Bottom of the 4th over - 0 runs, 0 hits, 0 errors, 1 left on base; Oakland 3 - Buckhead 4 |
TOP OF THE 5TH |
Oakland Oaks batting - Pitching for Buckhead Bowties : RHP Ron Manning
|
Batting: RHB Joe Phillips
|
0-0: Ball 1-0: Ground out 4-3 (Groundball, 4)
|
Batting: RHB Armando Rodríguez
|
0-0: Swinging Strike 0-1: Fly out, F7 (Flyball, 78M)
|
Batting: LHB David Holbrook
|
0-0: Foul Ball, location: 2F 0-1: Fly out, F5 (Line Drive, 56S)
|
Top of the 5th over - 0 runs, 0 hits, 0 errors, 0 left on base; Oakland 3 - Buckhead 4 |
BOTTOM OF THE 5TH |
Buckhead Bowties batting - Pitching for Oakland Oaks : RHP Dave Stephenson
|
Batting: RHB Derek Bangert
|
0-0: Ball 1-0: Called Strike 1-1: SOLO HOME RUN (Flyball, 7D), Distance : 410 ft
|
Batting: SHB Seishiro Nishimura
|
0-0: Fly out, F9 (Flyball, 89S)
|
Batting: RHB Raúl Ruíz
|
0-0: Called Strike 0-1: Ball 1-1: Ball 2-1: Ball 3-1: Called Strike 3-2: Ground out 6-3 (Groundball, 6M)
|
Batting: RHB Todd Sentell
|
0-0: SINGLE (Groundball, 6MD)
|
Pitching: LHP Billy Mays
|
|
Batting: RHB Gabriel Maldonado
|
0-0: Ball 1-0: Called Strike 1-1: Ball 2-1: Ball 3-1: Foul Ball, location: 2F 3-2: Base on Balls Todd Sentell to second
|
Batting: RHB Mesa Altuve
|
0-0: Called Strike 0-1: Ball 1-1: Fly out, F4 (Line Drive, 4)
|
Bottom of the 5th over - 1 run, 2 hits, 0 errors, 2 left on base; Oakland 3 - Buckhead 5 |
TOP OF THE 6TH |
Oakland Oaks batting - Pitching for Buckhead Bowties : RHP Ron Manning
|
Batting: RHB Alfonso Nazario
|
0-0: Ball 1-0: Ball 2-0: Ball 3-0: Called Strike 3-1: Base on Balls
|
Batting: RHB Raúl Chávez
|
0-0: Called Strike 0-1: Ball 1-1: Swinging Strike 1-2: Ball 2-2: Strikes out swinging
|
Batting: RHB Joseph Papasogli
|
0-0: Foul Ball, location: 2F 0-1: Ball 1-1: Ball 2-1: Ball 3-1: Ground out U3 (Groundball, 34) Alfonso Nazario to second
|
Batting: RHB Ricardo Téllez
|
0-0: Ball 1-0: Foul Ball, location: 2F 1-1: Ball 2-1: Ground out 6-3 (Groundball, 6)
|
Top of the 6th over - 0 runs, 0 hits, 0 errors, 1 left on base; Oakland 3 - Buckhead 5 |
BOTTOM OF THE 6TH |
Buckhead Bowties batting - Pitching for Oakland Oaks : LHP Billy Mays
|
Batting: LHB Yu-zeng Si
|
0-0: Ball 1-0: Ball 2-0: Foul Ball, location: 2F 2-1: Foul Ball, location: 2F 2-2: Ball 3-2: Ground out 4-3 (Groundball, 4)
|
Batting: LHB Alfred Miles
|
0-0: Called Strike 0-1: Swinging Strike 0-2: Ball 1-2: Foul Ball, location: 2F 1-2: Strikes out looking
|
Batting: LHB José Valéncia
|
0-0: Called Strike 0-1: Ball 1-1: Ground out 4-3 (Groundball, 4D)
|
Bottom of the 6th over - 0 runs, 0 hits, 0 errors, 0 left on base; Oakland 3 - Buckhead 5 |
TOP OF THE 7TH |
Oakland Oaks batting - Pitching for Buckhead Bowties : RHP Ron Manning
|
Batting: SHB Luis Luquín
|
0-0: Ball 1-0: Called Strike 1-1: SINGLE (Line Drive, 89S)
|
Pitching: RHP Jason Millward
|
|
Batting: LHB Todd Henry
|
0-0: SINGLE (Groundball, 3D) Luis Luquín to second Runner from 2nd tries for 3rd, SAFE, no throw
|
Batting: RHB Joe Phillips
|
0-0: Ball 1-0: Called Strike 1-1: Ball 2-1: Ball 3-1: Called Strike 3-2: 3-RUN HOME RUN (Flyball, 7D), Distance : 390 ft
|
Pitching: RHP Martín Aguilar
|
|
Batting: RHB Armando Rodríguez
|
0-0: Swinging Strike 0-1: Ball 1-1: Called Strike 1-2: Foul Ball, location: 2F 1-2: Ground out 5-3 (Groundball, 56S)
|
Batting: LHB David Holbrook
|
0-0: SINGLE (Line Drive, 78S)
|
Batting: RHB Alfonso Nazario
|
0-0: SINGLE (Flyball, 8LS) David Holbrook to second
|
Batting: RHB Raúl Chávez
|
0-0: Ball 1-0: Ball 2-0: Foul Ball, location: 2F 2-1: Ball David Holbrook steals 3rd base Alfonso Nazario to second 3-1: Foul Ball, location: 2F 3-2: Foul Ball, location: 2F 3-2: Base on Balls
|
Batting: RHB Joseph Papasogli
|
0-0: Called Strike 0-1: Fly out, F7 (Flyball, 78M) Runner from 3rd tags up, SCORES, throw made
|
Batting: RHB Ricardo Téllez
|
0-0: Called Strike 0-1: Foul Ball, location: 2F 0-2: Ball 1-2: Fly out, F9 (Flyball, 9S)
|
Top of the 7th over - 4 runs, 5 hits, 0 errors, 2 left on base; Oakland 7 - Buckhead 5 |
BOTTOM OF THE 7TH |
Buckhead Bowties batting - Pitching for Oakland Oaks : LHP Billy Mays
|
Batting: RHB Derek Bangert
|
0-0: Swinging Strike 0-1: SOLO HOME RUN (Flyball, 9LD), Distance : 361 ft
|
Batting: SHB Seishiro Nishimura
|
0-0: Ball 1-0: Ground out 5-3 (Groundball, 56S)
|
Batting: RHB Raúl Ruíz
|
0-0: Called Strike 0-1: Called Strike 0-2: Ball 1-2: Strikes out swinging
|
Batting: RHB Todd Sentell
|
0-0: Swinging Strike 0-1: Ball 1-1: Ball 2-1: Ball 3-1: Fly out, F9 (Line Drive, 89M)
|
Bottom of the 7th over - 1 run, 1 hit, 0 errors, 0 left on base; Oakland 7 - Buckhead 6 |
TOP OF THE 8TH |
Oakland Oaks batting - Pitching for Buckhead Bowties : RHP Martín Aguilar
|
Batting: SHB Luis Luquín
|
0-0: Ball 1-0: Ball 2-0: Fly out, F7 (Flyball, 7S)
|
Batting: LHB Todd Henry
|
0-0: Called Strike 0-1: Ball 1-1: Swinging Strike 1-2: Ball 2-2: Ball 3-2: Strikes out swinging
|
Batting: RHB Joe Phillips
|
0-0: Called Strike 0-1: Foul Ball, location: 2F 0-2: Ball 1-2: Ball 2-2: Ball 3-2: Ground out 4-3 (Groundball, 4)
|
Top of the 8th over - 0 runs, 0 hits, 0 errors, 0 left on base; Oakland 7 - Buckhead 6 |
BOTTOM OF THE 8TH |
Buckhead Bowties batting - Pitching for Oakland Oaks : LHP Billy Mays
|
Pitching: LHP José Castaneda
|
|
Batting: RHB Gabriel Maldonado
|
0-0: Ball 1-0: Ball 2-0: Fly out, F8 (Flyball, 8LM)
|
Batting: RHB Mesa Altuve
|
0-0: Ball 1-0: Swinging Strike 1-1: Ball 2-1: Ball 3-1: Foul Ball, location: 2F 3-2: Strikes out swinging
|
Batting: LHB Yu-zeng Si
|
0-0: Called Strike 0-1: Called Strike 0-2: Strikes out swinging
|
Bottom of the 8th over - 0 runs, 0 hits, 0 errors, 0 left on base; Oakland 7 - Buckhead 6 |
TOP OF THE 9TH |
Oakland Oaks batting - Pitching for Buckhead Bowties : RHP Martín Aguilar
|
Batting: RHB Armando Rodríguez
|
0-0: Ground out 5-3 (Groundball, 5)
|
Batting: LHB David Holbrook
|
0-0: Ground out 4-3 (Groundball, 4)
|
Batting: RHB Alfonso Nazario
|
0-0: Ball 1-0: Called Strike 1-1: Ball 2-1: Called Strike 2-2: Fly out, F8 (Line Drive, 8LD)
|
Top of the 9th over - 0 runs, 0 hits, 0 errors, 0 left on base; Oakland 7 - Buckhead 6 |
BOTTOM OF THE 9TH |
Buckhead Bowties batting - Pitching for Oakland Oaks : LHP José Castaneda
|
Pitching: RHP Gil Brown
|
|
Batting: LHB Alfred Miles
|
0-0: Ball 1-0: Swinging Strike 1-1: Ball 2-1: Called Strike 2-2: Foul Ball, location: 2F 2-2: Strikes out swinging
|
Batting: LHB José Valéncia
|
0-0: Swinging Strike 0-1: Foul Ball, location: 2F 0-2: Ball 1-2: Ball 2-2: Ball 3-2: SOLO HOME RUN (Flyball, 89XD), Distance : 398 ft
|
Batting: RHB Derek Bangert
|
0-0: Foul Ball, location: 2F 0-1: Ball 1-1: Ball 2-1: Ball 3-1: Base on Balls
|
Pinch Runner at 1st Jorge Díaz:
|
|
Batting: SHB Seishiro Nishimura
|
0-0: Ball 1-0: Called Strike 1-1: Ball Jorge Díaz steals 2nd base 2-1: Foul Ball, location: 2F 2-2: Foul Ball, location: 2F 2-2: Foul Ball, location: 2F 2-2: Fly out, F4 (Line Drive, 4)
|
Pitching: LHP Finn Wuilink
|
|
Batting: RHB Raúl Ruíz
|
0-0: Called Strike 0-1: Called Strike 0-2: Ball 1-2: Strikes out swinging
|
Bottom of the 9th over - 1 run, 1 hit, 0 errors, 1 left on base; Oakland 7 - Buckhead 7 |
TOP OF THE 10TH |
Oakland Oaks batting - Pitching for Buckhead Bowties : RHP Martín Aguilar
|
Now at 1B: Freddy Carea
|
|
Pinch Hitting: LHB Edwin Church
|
0-0: Ball 1-0: Foul Ball, location: 2F 1-1: Called Strike 1-2: Ball 2-2: Ball 3-2: Foul Ball, location: 2F 3-2: Foul Ball, location: 2F 3-2: SINGLE (Flyball, 9LS)
|
Pinch Runner at 1st Esteban Vázquez:
|
|
Batting: RHB Joseph Papasogli
|
0-0: Ball 1-0: Sac Bunt - play at first, batter OUT! 3-4 Esteban Vázquez to second
|
Batting: RHB Ricardo Téllez
|
0-0: Ball 1-0: Foul Ball, location: 2F 1-1: Ball 2-1: Called Strike Esteban Vázquez steals 3rd base 2-2: Foul Ball, location: 2F 2-2: Ball 3-2: Ground out 4-3 (Groundball, 4)
|
Batting: SHB Luis Luquín
|
0-0: Swinging Strike 0-1: Ball 1-1: Ball 2-1: Foul Ball, location: 2F 2-2: Ball 3-2: Strikes out swinging
|
Top of the 10th over - 0 runs, 1 hit, 0 errors, 1 left on base; Oakland 7 - Buckhead 7 |
BOTTOM OF THE 10TH |
Buckhead Bowties batting - Pitching for Oakland Oaks : LHP Finn Wuilink
|
Now in RF: Todd Williams
|
|
Batting: RHB Todd Sentell
|
0-0: Ball 1-0: Ball 2-0: Called Strike 2-1: Ball 3-1: Swinging Strike 3-2: SINGLE (Line Drive, 89M)
|
Batting: RHB Gabriel Maldonado
|
0-0: Called Strike 0-1: Called Strike 0-2: Ball 1-2: Strikes out swinging
|
Batting: RHB Mesa Altuve
|
0-0: Ground out 5-3 (Groundball, 56S) Todd Sentell to second
|
Pinch Hitting: RHB Ricardo Cardenas
|
0-0: Called Strike 0-1: Foul Ball, location: 2F 0-2: Foul Ball, location: 2F 0-2: Ball 1-2: Strikes out looking
|
Bottom of the 10th over - 0 runs, 1 hit, 0 errors, 1 left on base; Oakland 7 - Buckhead 7 |
TOP OF THE 11TH |
Oakland Oaks batting - Pitching for Buckhead Bowties : RHP Martín Aguilar
|
Now at 3B: Ricardo Cardenas
|
|
Batting: LHB Todd Henry
|
0-0: Swinging Strike 0-1: Ball 1-1: Ball 2-1: SINGLE (Groundball, 6MD)
|
Pitching: RHP Brian Scalabrine
|
|
Pinch Runner at 1st Mike Wazowski:
|
|
Batting: RHB Joe Phillips
|
0-0: Called Strike 0-1: Ball 1-1: Ball 2-1: Called Strike 2-2: Strikes out swinging
|
Batting: RHB Armando Rodríguez
|
0-0: Called Strike Mike Wazowski steals 2nd base 0-1: Ball 1-1: Swinging Strike 1-2: Ball 2-2: Ground out 5-3 (Groundball, 56)
|
Batting: LHB David Holbrook
|
0-0: Ball 1-0: Ground out 5-3 (Groundball, 56)
|
Top of the 11th over - 0 runs, 1 hit, 0 errors, 1 left on base; Oakland 7 - Buckhead 7 |
BOTTOM OF THE 11TH |
Buckhead Bowties batting - Pitching for Oakland Oaks : LHP Finn Wuilink
|
Batting: LHB Alfred Miles
|
0-0: Ground out 5-3 (Groundball, 56)
|
Batting: LHB José Valéncia
|
0-0: Swinging Strike 0-1: SINGLE (Flyball, 9S)
|
Batting: RHB Freddy Carea
|
0-0: DOUBLE (Flyball, 78XD) José Valéncia to third Runner from 3rd tries for Home, throw and OUT!
|
Batting: SHB Seishiro Nishimura
|
0-0: Ball 1-0: Foul Ball, location: 2F 1-1: Foul Ball, location: 2F 1-2: Strikes out looking
|
Bottom of the 11th over - 0 runs, 2 hits, 0 errors, 1 left on base; Oakland 7 - Buckhead 7 |
TOP OF THE 12TH |
Oakland Oaks batting - Pitching for Buckhead Bowties : RHP Brian Scalabrine
|
Batting: RHB Alfonso Nazario
|
0-0: Called Strike 0-1: Swinging Strike 0-2: Strikes out swinging
|
Batting: LHB Todd Williams
|
0-0: SOLO HOME RUN (Flyball, 78XD), Distance : 418 ft
|
Batting: RHB Joseph Papasogli
|
0-0: Ball 1-0: Ground out 6-3 (Groundball, 6)
|
Batting: RHB Ricardo Téllez
|
0-0: Called Strike 0-1: Ball 1-1: Ball 2-1: Ball 3-1: Base on Balls
|
Batting: SHB Luis Luquín
|
0-0: Ball 1-0: Called Strike Ricardo Téllez steals 2nd base 1-1: Ball 2-1: Ball 3-1: Base on Balls
|
Batting: RHB Mike Wazowski
|
0-0: Ball 1-0: Fly out, F8 (Line Drive, 8RM)
|
Top of the 12th over - 1 run, 1 hit, 0 errors, 2 left on base; Oakland 8 - Buckhead 7 |
BOTTOM OF THE 12TH |
Buckhead Bowties batting - Pitching for Oakland Oaks : LHP Finn Wuilink
|
Batting: RHB Raúl Ruíz
|
0-0: Foul Ball, location: 2F 0-1: Hit by Pitch
|
Batting: RHB Todd Sentell
|
0-0: Foul Ball, location: 2F 0-1: Ball 1-1: Fly out, F9 (Flyball, 9LMF)
|
Batting: RHB Gabriel Maldonado
|
0-0: Ball 1-0: Ball 2-0: Fly out, F6 (Line Drive, 6)
|
Batting: RHB Mesa Altuve
|
0-0: Called Strike 0-1: Ball 1-1: Fielders Choice at 2nd, 6-4 (Groundball, 6)
|
Bottom of the 12th over - 0 runs, 0 hits, 0 errors, 1 left on base; Oakland 8 - Buckhead 7 |
|